Unix NetHack Version 5.0.0-0 post-release - last build Jun 10 2026 00:39:30 (3ee93aec679c4c4259841fe613dc97188e26a321,branch:main).

Game began 2026-06-28 17:02:52, ended 2026-06-28 19:42:50.

Japes, lawful male human Monk

                   --------
                  --..|...-------                                   ------
                  |.......^.....----      ---                      --.--.--
                  --...............--------.---                    |......----
                   ---........|...............|---                 |.........--
                     ---......|--.---.........--.--               --..........|
                       |....--- |..|..............|             ---..........--
         |             ---.--   --.|.........-....|    ----------............|
         |.             --.|     |.|-............--  ---.|.--...............--
        --.---   #-------.0|     #.|----.........--  |............*....-...-|
        |..%.###-#.....)..---    #.|  --..........---|...........|..........--
        |.-dd0.##..---------.-#  #.---|........-....||...%^.....----.........|
 ##    ##..@d.....#-      |...#  #...---............|--..%---...|  --.......-|
 #..####.>.....--##       |-..## ---..|-...........-- --..----..|   |........--
 ##...##......--          |....### #-.|...........--   ---......--  ---.|.....|
 h............--          ##.....# ##...........---      |.---...--   -----..--
 |....---...)..|           ####<.--#........--.--        |.|--....|       |..|
 ---.-  --#-..--              --...........------  ---- --.||.....|       |..|
   --      ##--                |...........)....----..---..||....--       ----
                               |..-#.#-.|..--.............----.---
                               ---###----------------------  ---
Japes the Initiate              St:17 Dx:16 Co:14 In:11 Wi:11 Ch:9  Lawful
Dlvl:6  $:207 HP:0(63) Pw:39(39) AC:4  Xp:8/1328 T:3811 

Latest messages:
 You hear the splashing of a naiad.
 What do you want to use or apply? [bknpvHZ or ?*]
 f - an uncursed food ration.
 What do you want to eat? [f or ?*]
 This food really hits the spot!
 You finish eating the food ration.
 You hear the chime of a cash register.
 You fall down the stairs.
 You begin striking monsters with your gloved hands.
 You kill the kobold shaman!
 You are carrying too much to get through.
 You fall down the stairs.
 The iron ball drags you downstairs!
 You drop your daggers and they fall down the stairs with you.
 d - 21 uncursed daggers.
 You hear a wolf howling at the moon.
 You see here a burnt crossbow.
 You see here a heavy iron ball (chained to you).
 There are several objects here.
 You hear crashing rock.
 You hit the werewolf!
 The werewolf misses!
 You hit the werewolf!
 The werewolf hits!
 You hit the werewolf!
 The werewolf hits!
 You hit the werewolf!
 You hit the werewolf!
 The werewolf summons help!
 A wolf suddenly appears next to you!
 A wolf suddenly appears next to you!
 A wolf suddenly appears next to you!
 The werewolf hits!
 You kill the werewolf!
 The wolf bites!
 The wolf bites!
 The wolf bites!
 You hit the wolf!
 You hit the wolf!
 The wolf bites!
 The wolf bites!
 The wolf misses!
 You hit the wolf!
 The wolf bites!
 The wolf bites!
 The wolf bites!
 The wolf bites!
 You die...
 Do you want your possessions identified? [ynq] (y)
 Do you want to see your attributes? [ynq] (y)

Inventory:
 Coins    ('$')
  $ - 207 gold pieces
 Amulets  ('"')
  r - a blessed amulet of reflection (being worn)
 Weapons  (')')
  d - 21 +0 daggers
 Armor    ('[')
  a - an uncursed +2 pair of leather gloves (being worn)
  T - an uncursed +1 robe (being worn)
  Y - an uncursed +0 Hawaiian shirt with a water nymph motif (being worn)
 Spellbooks  ('+')
  Z - an uncursed spellbook of force bolt
 Potions  ('!')
  c - an uncursed potion of healing
 Rings    ('=')
  w - a cursed ring of cold resistance (on right hand)
  P - an uncursed ring of fire resistance
  W - a blessed +1 ring of increase accuracy
  o - a cursed ring of searching (on left hand)
 Wands    ('/')
  H - a wand of cancellation (0:6)
  n - a wand of probing (0:3)
  v - a wand of striking (0:0)
 Tools    ('(')
  b - an uncursed sack containing 18 items
  k - an uncursed lock pick
 Gems/Stones  ('*')
  p - an uncursed touchstone

Contents of the sack:
  an uncursed venti hot decaf vanilla latte
  4 uncursed apples
  3 uncursed food rations
  4 uncursed fortune cookies
  an uncursed lembas wafer
  6 uncursed oranges
  2 uncursed lichen corpses
  2 uncursed scrolls of teleportation
  a blessed spellbook of confuse monster
  a cursed can of grease (0:15)
  a magic marker (0:21)
  a +0 pick-axe
  2 uncursed citrine stones
  an uncursed fluorite stone
  an uncursed jade stone
  2 uncursed worthless pieces of green glass
  2 uncursed worthless pieces of red glass
  3 uncursed worthless pieces of white glass

Japes the Monk's attributes:

Background:
 You were an Initiate, a level 8 male human Monk.
 You were lawful, on a mission for Shan Lai Ching
 who was opposed by Chih Sung-tzu (neutral) and Huan Ti (chaotic).
 You were left-handed.
 You were in the Gnomish Mines, on level 6.
 You entered the dungeon 3811 turns ago.
 You had 1328 experience points, 1232 more were needed to attain level 9.

Basics:
 You had 0 out of 63 hit points.
 You had all 39 energy points (spell power).
 Your armor class was 4.
 Your wallet contained 207 zorkmids.
 Autopickup was on for '$' plus thrown.

Final Characteristics:
 Your strength was 17 (limit:18/100).
 Your dexterity was 16 (limit:18).
 Your constitution was 14 (limit:18).
 Your intelligence was 11 (limit:18).
 Your wisdom was 11 (limit:18).
 Your charisma was 9 (limit:18).

Final Status:
 You were chained to a heavy iron ball.
 You weren't hungry.
 You were unencumbered.
 You were empty handed.
 You had basic skill with martial arts and could have enhanced that.

Final Attributes:
 You were piously aligned.
 You were cold resistant.
 Your items were protected from cold.
 You were sleep resistant.
 You were poison resistant.
 You saw invisible.
 You were telepathic.
 You were warned.
 You had automatic searching.
 You were stealthy.
 You were guarded.
 Your spell casting was enhanced by wearing a robe.
 You were fast.
 You had reflection.
 You are dead.

Miscellaneous:
 You didn't encounter any bones levels.
 Total elapsed playing time was 1 hour, 24 minutes and 7 seconds.

Major events:
 Turn
    1: Japes the lawful male human Monk entered the dungeon
  683: attained the rank of Novice (level 3)
  864: entered the Gnomish Mines
 1364: attained the rank of Initiate (level 6)
 1389: reached Mine Town
 3811: killed by a wolf, while dragging an iron ball

Spells:
 Name                 Level Category     Fail Retention
 confuse monster        1   enchantment    0%  76%-100%
 force bolt             1   attack         0%  76%-100%

Skills:
 Fighting Skills
   martial arts       [Basic]
 Weapon Skills
   quarterstaff       [Unskilled]
   spear              [Unskilled]
   crossbow           [Unskilled]
   shuriken           [Unskilled]
 Spellcasting Skills
   attack spells      [Unskilled]
   healing spells     [Basic]
   divination spells  [Unskilled]
   enchantment spells [Unskilled]
   clerical spells    [Unskilled]
   escape spells      [Unskilled]
   matter spells      [Unskilled]

Voluntary challenges:
 Character rerolling was not enabled.
 You never hit with a wielded weapon.
 You never genocided any monsters.
 You never polymorphed an object.
 You never changed form.
 You used no wishes.
Achievements:
 You entered a shop.
 You attained the rank of Novice.
 You entered the Gnomish Mines.
 You attained the rank of Initiate.
 You entered Minetown.
 You entered a temple.

 The Dungeons of Doom: levels 1 to 5
    Level 1:
       A fountain, a grave.
    Level 2:
       A sink.
    Level 3:
       A ring shop, some fountains.
    Level 4:
       A fountain.
       Stairs down to The Gnomish Mines.
    Level 5:
 The Gnomish Mines: levels 5 to 8
    Level 5:
    Level 6: <- You were here.
       Final resting place for
          you, killed by a wolf, while dragging an iron ball.
    Level 7:
    Level 8:
       Many shops, a temple and an altar, some fountains, some trees.


Vanquished creatures:
  a lynx
  a giant spider
  a black light
  2 gnome rulers
  a werewolf
  3 snakes
  a fire ant
  a mountain nymph
  2 rock moles
  a pony
 10 gnome leaders
  a kobold mummy
  2 giant ants
  2 floating eyes
  6 dwarves
  a homunculus
  a kobold leader
  a kobold shaman
  2 werejackals
 an acid blob
  2 coyotes
  a hobbit
  a giant rat
  a cave spider
  a yellow mold
 32 gnomes
  a gnome zombie
  6 jackals
  a fox
  2 kobolds
  4 goblins
  2 sewer rats
  5 grid bugs
  2 lichens
  2 kobold zombies
  3 newts
107 creatures vanquished.

No species were genocided or became extinct.

Game over:
                       ----------
                      /          \
                     /    REST    \
                    /      IN      \
                   /     PEACE      \
                  /                  \
                  |      Japes       |
                  |      207 Au      |
                  | killed by a wolf |
                  |                  |
                  |                  |
                  |                  |
                  |       2026       |
                 *|     *  *  *      | *
        _________)/\\_//(\/(/\)/\//\/|_)_______

Goodbye Japes the Monk...

You died in The Gnomish Mines on dungeon level 6 with 4431 points,
and 207 pieces of gold, after 3811 moves.
You were level 8 with a maximum of 63 hit points when you died.

